 Dungeon Crawl Stone Soup version 0.26-b1-32-g5d43845318 (webtiles) character file.

Game seed: 15953216007519375616

5761 salade2fruit the Covert (level 10, -13/71 HPs)
             Began as an Octopode Ice Elementalist on Jan 7, 2021.
             Was a Believer of Vehumet.
             Killed from afar by a will-o-the-wisp (33 damage)
             ... with a foxfire
             ... on level 8 of the Dungeon.
             The game lasted 00:27:03 (8335 turns).

salade2fruit the Covert (Octopode Ice Elementalist) Turns: 8335, Time: 00:27:05

Health: -13/71     AC:  7    Str:  8    XL:     10   Next: 78%
Magic:  11/25      EV: 16    Int: 21    God:    Vehumet [**....]
Gold:   506        SH:  5    Dex: 12    Spells: 5/17 levels left

rFire    . . .     SeeInvis .   b - +3 dagger (elec)
rCold    . . .     Faith    .   (no shield)
rNeg     + + .     Spirit   .   i - +2 hat
rPois    .         Reflect  +   m - amulet of reflection
rElec    .         Harm     .   f - ring of stealth
rCorr    .         Rampage  .   k - ring of positive energy
Will     .....                  F - +4 ring of protection
Stlth    ++++++....             B - ring of magical power
HPRegen  0.21/turn              x - ring of positive energy
MPRegen  0.19/turn              (no ring)
                                (no ring)
                                (no ring)

@: about to teleport
A: almost no armour, stealthy swim, amphibious, 8 rings, constrict 8, camouflage
1, gelatinous body 1
a: Renounce Religion


You were on level 8 of the Dungeon.
You worshipped Vehumet.
Vehumet was pleased with you.
You visited 2 branches of the dungeon, and saw 9 of its levels.

You collected 506 gold pieces.

Inventory:

Hand Weapons
 b - a +3 dagger of electrocution (weapon)
Missiles
 g - 152 stones
 E - 6 datura-tipped darts
Armour
 i - a +2 hat (worn)
Jewellery
 e - an uncursed amulet of magic regeneration
 f - a ring of stealth (left tentacle)
 k - a ring of positive energy (right tentacle)
 m - an amulet of reflection (around mantle)
 x - a ring of positive energy (on tentacle)
 B - a ring of magical power (on tentacle)
 F - a +4 ring of protection (on tentacle)
 H - an uncursed amulet of the acrobat
Wands
 j - a wand of random effects (18)
 o - a wand of paralysis (6)
 D - a wand of flame (14)
Scrolls
 d - 2 scrolls of fear
 n - 2 scrolls of magic mapping
 q - a scroll of blinking
 r - 3 scrolls of amnesia
 u - a scroll of immolation
 v - 5 scrolls of remove curse
 y - 3 scrolls of enchant armour
 I - 3 scrolls of teleportation
 J - a scroll of identify
Potions
 a - 7 potions of curing
 c - a potion of might
 h - 2 potions of attraction
 l - 2 potions of berserk rage
 p - 3 potions of lignification
 s - 2 potions of haste
 t - a potion of resistance {unknown}
 w - 2 potions of invisibility
 z - 2 potions of heal wounds
 A - 3 potions of brilliance
 C - 4 potions of flight
 G - a potion of ambrosia {unknown}


   Skills:
 + Level 7.5 Fighting
 + Level 7.0 Dodging
 - Level 9.8 Stealth
 - Level 4.0 Spellcasting
 + Level 5.1 Conjurations
 - Level 3.2 Fire Magic
 - Level 7.9 Ice Magic


You had 5 spell levels left.
You knew the following spells:

 Your Spells              Type           Power        Failure   Level
a - Foxfire               Conj/Fire      84%          2%          1
b - Freeze                Ice            100%         1%          1
d - Ozocubu's Armour      Ice            37%          1%          3
r - Frozen Ramparts       Ice            74%          1%          3
z - Hailstorm             Conj/Ice       31%          9%          4

Your spell library contained the following spells:

 Spells                   Type           Power        Failure   Level
 Searing Ray              Conj           50%          2%          2
 Animate Skeleton         Necr           8%           12%         1
 Apportation              Tloc           8%           12%         1
 Corona                   Hex            4%           12%         1
 Summon Small Mammal      Summ           16%          12%         1
 Summon Ice Beast         Ice/Summ       20%          24%         4


Dungeon Overview and Level Annotations

Branches:
Dungeon (8/15)             Temple (1/1) D:7
   Lair: D:8-11

Altars:
Ashenzari
Dithmenos
Elyvilon
Fedhas
Gozag
Hepliaklqana
Kikubaaqudgha
Makhleb
Nemelex Xobeh
Okawaru
Qazlal
Ru
Sif Muna
Trog
Uskayaw
Vehumet
Wu Jian
Xom
Yredelemnul
Zin
The Shining One

Annotations:
D:3 1 runed translucent door, Crazy Yiuf, Grinder
D:8 exclusion: will-o-the-wisp


Innate Abilities, Weirdness & Mutations

You cannot wear most types of armour.
You are very stealthy in the water. (Stealth+)
You are amphibious.
You can wear up to eight rings at the same time.
You can use your tentacles to constrict eight enemies at once.
Your skin changes colour to match your surroundings (Stealth+).
Your rubbery body absorbs attacks. (AC +1, EV +1)


Message History

The will-o-the-wisp gives a chilling moan.
You constrict the wight, but do no damage.
The wall freezes the foxfire. x2
The wall freezes the foxfire but does no damage.
The wall freezes the foxfire. x2; The foxfire hits you!
The wall freezes the foxfire. x3
The wall freezes the foxfire but does no damage.
The wall freezes the foxfire. x3; The wight resists.
The wall freezes the wight.
You destroy the wight!
Vehumet accepts your kill.
You feel your power returning.
The wall freezes the foxfire.
The wall freezes the foxfire but does no damage.
The heat melts your icy armour.
As you read the scroll of teleportation, it crumbles to dust.
You feel strangely unstable.
The frozen ramparts melt away.
The foxfire hits you!!
Your icy armour melts away.
* * * LOW HITPOINT WARNING * * *
The foxfire hits you!!
You die...

#......)..##...#≈≈≈≈≈§....##
#.......####..#§§≈..§≈≈#.
#........# #..≈≈≈v?=.≈≈..
#......#.# ...≈≈.)##v≈≈..
#......#... ..≈≈#!# Y #
#......#####z.≈≈.## ..
#......# §§≈§§[§ >.
###.##.#####§#§§v.. #.
#..##.##..@v§§B≈≈≈ #.
#.###.#..##...§≈≈≈ ##
#.##.).........#.. #
#.#..########..... #...##
##### #####


You could see 2 will-o-the-wisps, a worker ant and a wight.

Vanquished Creatures
  2 two-headed ogres (D:8)
  Pikel (D:7)
  Maurice (D:8)
  Maggie (D:7)
  Prince Ribbit (D:7)
  A wyvern (D:8)
  A steam dragon (D:8)
  Menkaure (D:7)
  Edmund (D:6)
  A phantom (D:8)
  3 black bears
  4 sky beasts (D:8)
  3 ogres
  2 centaurs
  2 lemures (D:7)
  2 bullfrogs
  A big kobold (D:7)
  A gnoll sergeant (D:8)
  4 killer bees (D:7)
  8 wights (D:8)
  A howler monkey (D:4)
  A bullfrog zombie (D:8)
  A centaur zombie (D:7)
  5 hounds
  3 orc priests
  2 iguanas
  8 worker ants
  3 orc wizards
  A hound skeleton (D:6)
  A worker ant zombie (D:8)
  2 gnolls (D:8)
  6 adders
  4 shadow imps
  2 white imps (D:7)
  3 ufetubi
  An ooze (D:2)
  A worm (D:3)
  3 dart slugs
  A leopard gecko (D:4)
  19 orcs
  8 bats
  5 giant cockroaches
  10 goblins
  8 hobgoblins
  3 quokkas
  A ball python skeleton (D:4)
  6 frilled lizards
  2 jackal skeletons
  14 kobolds
  2 leopard gecko skeletons
  2 leopard gecko zombies
  A quokka skeleton (D:6)
  5 rats
176 creatures vanquished.

Vanquished Creatures (others)
  16 foxfires (D:8)
  3 fungi (D:8)
  5 plants (D:8)
24 creatures vanquished.

Grand Total: 200 creatures vanquished

Notes
Turn   | Place    | Note
-------+----------+-------------------------------------------
     0 | D:1      | salade2fruit the Octopode Ice Elementalist began the quest
                  | for the Orb.
     0 | D:1      | Reached XP level 1. HP: 11/11 MP: 3/3
   637 | D:1      | Reached skill level 3 in Stealth
   668 | D:1      | Reached XP level 2. HP: 17/17 MP: 5/5
  1344 | D:1      | Reached XP level 3. HP: 21/21 MP: 6/6
  1524 | D:1      | Learned a level 3 spell: Frozen Ramparts
  1880 | D:2      | Reached skill level 4 in Stealth
  1911 | D:2      | Reached XP level 4. HP: 27/27 MP: 8/8
  1999 | D:2      | Found an ancient bone altar of Kikubaaqudgha.
  2001 | D:2      | Found a white marble altar of Elyvilon.
  2001 | D:2      | Found a sparkling altar of Nemelex Xobeh.
  2145 | D:2      | Found a sacrificial altar of Ru.
  2397 | D:3      | Reached XP level 5. HP: 25/31 MP: 5/9
  2462 | D:3      | Found a runed translucent door.
  2463 | D:3      | Noticed Crazy Yiuf
  2538 | D:3      | Noticed Grinder
  2550 | D:3      | Learned a level 3 spell: Ozocubu's Armour
  2569 | D:3      | Found a burning altar of Makhleb.
  2573 | D:3      | Reached skill level 5 in Ice Magic
  2708 | D:4      | Reached skill level 5 in Stealth
  2752 | D:4      | Noticed an ogre
  2763 | D:4      | Killed an ogre
  2764 | D:4      | Reached XP level 6. HP: 26/36 MP: 2/11
  3029 | D:4      | Found a radiant altar of Vehumet.
  3049 | D:4      | Became a worshipper of Vehumet
  3351 | D:4      | Reached skill level 6 in Stealth
  3751 | D:5      | Entered Level 5 of the Dungeon
  3863 | D:5      | Found a blossoming altar of Fedhas.
  3900 | D:5      | Reached XP level 7. HP: 42/42 MP: 13/13
  4011 | D:5      | Reached skill level 1 in Fighting
  5097 | D:6      | Noticed Edmund
  5113 | D:6      | Killed Edmund
  5114 | D:6      | Reached skill level 7 in Stealth
  5224 | D:6      | Reached XP level 8. HP: 46/50 MP: 14/14
  5347 | D:6      | Reached * piety under Vehumet
  5347 | D:6      | Offered knowledge of Shock by Vehumet.
  5570 | D:6      | Found an opulent altar of Gozag.
  5774 | D:7      | Reached skill level 8 in Stealth
  5915 | D:7      | Noticed Pikel
  5928 | D:7      | Noticed Maggie
  5972 | D:7      | Found a shadowy altar of Dithmenos.
  5999 | D:7      | Killed Maggie
  6000 | D:7      | Reached XP level 9. HP: 51/58 MP: 14/15
  6060 | D:7      | Found a hazy altar of Hepliaklqana.
  6227 | D:7      | Noticed Prince Ribbit
  6231 | D:7      | Killed Pikel
  6232 | D:7      | Reached skill level 5 in Dodging
  6232 | D:7      | Reached skill level 9 in Stealth
  6237 | D:7      | Killed Prince Ribbit
  6238 | D:7      | Reached skill level 5 in Fighting
  6390 | D:7      | Noticed Menkaure
  6398 | D:7      | Offered knowledge of Foxfire by Vehumet.
  6403 | D:7      | Killed Menkaure
  6403 | D:7      | Reached ** piety under Vehumet
  6442 | D:7      | Learned a level 1 spell: Foxfire
  6554 | D:7      | Found a radiant altar of Vehumet.
  6564 | D:7      | Found a staircase to the Ecumenical Temple.
  6657 | Temple   | Entered the Ecumenical Temple
  7053 | D:8      | Noticed a will-o-the-wisp
  7062 | D:8      | Noticed Maurice
  7071 | D:8      | Killed Maurice
  7072 | D:8      | Reached skill level 1 in Conjurations
  7072 | D:8      | Reached skill level 1 in Fire Magic
  7153 | D:8      | Learned a level 4 spell: Hailstorm
  7381 | D:8      | Reached XP level 10. HP: 58/67 MP: 16/16
  7784 | D:8      | Noticed a two-headed ogre
  7791 | D:8      | Killed a two-headed ogre
  7869 | D:8      | Offered knowledge of Searing Ray by Vehumet.
  7974 | D:8      | Noticed a six-headed hydra
  8005 | D:8      | Noticed a will-o-the-wisp
  8172 | D:8      | Noticed a two-headed ogre
  8181 | D:8      | Killed a two-headed ogre
  8325 | D:8      | Reached skill level 5 in Conjurations
  8335 | D:8      | Killed from afar by a will-o-the-wisp

Illustrated notes

Levels and vault maps discovered:
D:1:      dpeg_arrival_oval, layout_rooms
D:2:      minmay_angry_zag, layout_basic, lemuel_crystal_altar,
          nicolae_ru_great_annihilating_truth,
          chequers_temple_overflow_statue_of_worship
D:3:      layout_rooms, makhleb_heckhound_becter, uniq_grinder,
          uniq_crazy_yiuf_cottage
D:4:      layout_rooms, vehumet_altar_wand_db
D:5:      layout_basic, kennysheep_little_box
D:6:      layout_basic, grunt_gozag_breadcrumbs, uniq_edmund
D:7:      layout_rooms, nzn_hepliaklqana_mist_gate, lemuel_doored_altar,
          general_overflow_altar, minmay_temple_entry_poolview,
          minmay_misc_feat_room, uniq_pikel, uniq_menkaure, uniq_maggie,
          uniq_prince_ribbit1
D:8:      layout_rooms, dpeg_oklobed_lair, hangedman_misty_isle, uniq_maurice
Temple:   minmay_temple_curvy_loop

Skill      XL: |  1  2  3  4  5  6  7  8  9 10 |
---------------+-------------------------------+-----
Stealth        | 3 4 5 6 7 8 9 |  9.8
Spellcasting   | 3 4 |  4.0
Ice Magic      | 5 6 7 |  7.9
Fighting       | 2 4 5 7 |  7.5
Dodging        | 3 4 5 7 |  7.0
Conjurations   | 2 5 |  5.1
Fire Magic     | 2 3 |  3.2

Action                   |  1- 3 |  4- 6 |  7- 9 | 10-12 || total
-------------------------+-------+-------+-------+-------++-------
Melee: Short sword       |    56 |    23 |       |       ||    79
       Constrict         |    12 |    13 |    24 |    12 ||    61
       Unarmed           |     3 |       |       |       ||     3
       Tentacles         |     7 |     7 |    22 |     7 ||    43
       Dagger            |       |    42 |   125 |    71 ||   238
 Cast: Freeze            |    14 |    19 |    19 |    17 ||    69
       Frozen Ramparts   |       |     6 |    15 |    14 ||    35
       Ozocubu's Armour  |       |     3 |    12 |     7 ||    22
       Foxfire           |       |       |     3 |     4 ||     7
       Hailstorm         |       |       |       |     9 ||     9
  Use: Scroll            |       |     7 |    13 |     2 ||    22
 Stab: Sleeping          |    14 |    17 |    16 |     3 ||    50
       Distracted        |     1 |     1 |       |       ||     2
Armor: Skin              |    10 |     9 |    27 |    18 ||    64
Dodge: Dodged            |    35 |    29 |    70 |    63 ||   197
Block: Other             |       |       |    22 |    14 ||    36
       Reflection        |       |       |     1 |     1 ||     2
